 Dungeon Crawl Stone Soup version 0.29.0-13-gc9e81de378 (webtiles) character file.

Game seed: 5701419236262025080

312 RascalDebosk the Chopper (level 6, -5/55 HPs)
             Began as a Minotaur Berserker on Sept 9, 2022.
             Was a Believer of Trog.
             Slain by a river rat (9 damage)
             ... on level 4 of the Dungeon.
             The game lasted 00:17:00 (3154 turns).

RascalDebosk the Chopper (Minotaur Berserker)       Turns: 3154, Time: 00:17:00

Health: -5/55      AC:  2    Str: 24    XL:     6   Next: 18%
Magic:  5/5        EV: 12    Int:  4    God:    Trog [**....]
Gold:   180        SH:  0    Dex:  9    Spells: 5/5 levels left

rFire   . . .      SeeInvis .   a - +0 hand axe
rCold   . . .      Faith    .   (no shield)
rNeg    . . .      Spirit   .   r - +0 robe
rPois   .          Reflect  .   (helmet restricted)
rElec   .          Harm     .   (no cloak)
rCorr   .          Rampage  .   (no gloves)
Will    .....                   (no boots)
Stlth   +.........              (no amulet)
HPRegen 0.18/turn               (no ring)
MPRegen 0.09/turn               (no ring)

@: on berserk cooldown, slowed, very slow
A: horns 2, retaliatory headbutt
a: Renounce Religion, Berserk, Trog's Hand


You were on level 4 of the Dungeon.
You worshipped Trog.
Trog was pleased with you.
You visited 1 branch of the dungeon, and saw 4 of its levels.

You collected 180 gold pieces.

Inventory:

Hand Weapons
 a - a +0 hand axe (weapon)
Missiles
 n - 3 poisoned darts (quivered)
Armour
 r - a +0 robe (worn)
Jewellery
 p - an amulet of magic regeneration
Wands
 j - a wand of charming (8)
 o - a wand of roots (8)
Scrolls
 b - a scroll of fear {unknown}
 f - 2 scrolls of vulnerability {unknown}
 i - 5 scrolls of teleportation {unknown}
Potions
 c - a potion of degeneration {unknown}
 d - a potion of haste {unknown}
 e - a potion of ambrosia {unknown}
 g - a potion of mutation {unknown}
 h - a potion of curing {unknown}
 k - a potion of lignification {unknown}
 l - 3 potions of heal wounds {unknown}
 m - a potion of cancellation {unknown}


   Skills:
 + Level 4.9 Fighting
 + Level 4.9 Axes
 + Level 2.6 Throwing
 + Level 4.0 Armour
 - Level 2.1 Dodging
 + Level 2.2 Evocations


You had 5 spell levels left.
You didn't know any spells.
Your spell library was empty.

Dungeon Overview and Level Annotations

Branches:
Dungeon (4/15)
 Temple: D:4-7

Altars:


Innate Abilities, Weirdness & Mutations

You have a pair of horns on your head.
You reflexively headbutt those who attack you in melee.


Message History

The adder bites you but does no damage. The adder barely misses you.
The adder bites you.
You are more poisoned.
The adder poisons you!
You slash the adder!
You kill the adder!
Trog accepts your kill.
You slash the adder!
You feel sick. The adder bites you.
You are more poisoned.
The adder poisons you!
You miss the adder. Your headbutt misses the adder.
The adder is severely wounded.
You feel very sick. The adder bites you.
Your unstable footing causes you to fumble your attack.
You feel sick. The adder misses you. You furiously retaliate!
You headbutt the adder.
You kill the adder!
Trog accepts your kill.
You feel very sick.
You see here an adder corpse.
You feel a strong urge to attack something.
You feel sick.
You feel sick.
You feel your anger nearly subside.
You are no longer berserk.
You are exhausted.
You feel yourself slow down.
You feel sick.
You feel very sick.
You feel sick.
You are no longer poisoned.
A river rat comes into view.
The river rat bites you. The river rat misses you. The river rat bites you.
You closely miss the river rat. The river rat bites you.
* * * LOW HITPOINT WARNING * * *
Your unstable footing causes you to fumble your attack.
The river rat completely misses you. The river rat bites you!
* * * LOW HITPOINT WARNING * * *
Your unstable footing causes you to fumble your attack.
The river rat bites you!
You die...

.........# . ..........# ..#
...........### #...
............. #...
..........~~# #..###
.........~~~# #..<.
.........#~#######~# #.##.
#.....~~~#~~~~~~~~ # #.
##..)..~#~#@####### ##
##..##.~~~~#~r~~~#
....##..~#~#~#~#~~~~
#.....~#~#~#~# ##
####...#††~# ~ #...##########
########.........###########
#[..........................
...######.........###########


You could see a river rat.

Vanquished Creatures
  The ghost of smilodon the Trooper, an amateur DsFi of Uskayaw (D:3)
  An orc priest (D:3)
  Natasha (D:3)
  5 adders
  3 worms
  5 dart slugs
  2 orcs (D:3)
  4 endoplasms
  3 giant cockroaches
  8 goblins
  5 hobgoblins
  4 jackals (D:3)
  3 quokkas (D:1)
  A ball python (D:4)
  4 bats
  2 frilled lizards (D:2)
  5 kobolds
  8 rats
65 creatures vanquished.

Notes
Turn   | Place    | Note
-------+----------+-------------------------------------------
     0 | D:1      | RascalDebosk the Minotaur Berserker began the quest for the
                  | Orb.
     0 | D:1      | Reached XP level 1. HP: 19/19 MP: 0/0
   193 | D:1      | Reached XP level 2. HP: 26/27 MP: 1/1
   984 | D:1      | Reached skill level 1 in Throwing
  1089 | D:1      | Reached XP level 3. HP: 33/33 MP: 2/2
  1117 | D:1      | Reached ** piety under Trog
  1118 | D:1      | Reached skill level 1 in Evocations
  1694 | D:2      | Found a faded altar of an unknown god.
  1875 | D:2      | Reached XP level 4. HP: 31/40 MP: 3/3
  2592 | D:3      | Found a large runed translucent door.
  2593 | D:3      | Found a large runed translucent door.
  2595 | D:3      | Noticed smilodon's ghost (amateur DsFi)
  2695 | D:3      | Noticed Natasha
  2700 | D:3      | Killed Natasha
  2701 | D:3      | Reached XP level 5. HP: 47/47 MP: 4/4
  2876 | D:3      | Killed smilodon's ghost
  2877 | D:3      | Reached XP level 6. HP: 25/55 MP: 5/5
  3154 | D:4      | Slain by a river rat

Illustrated notes

Levels and vault maps discovered:
D:1:      roderic_octagonal_star, layout_basic, dk_noncrumbling_2
D:2:      layout_rooms, dilly_ecumenical_altar_fadedgnrine
D:3:      layout_rooms, ebering_ghost_disaster_area, uniq_natasha
D:4:      layout_rooms, lightli_sewer_entry_pipes, minmay_misc_feat_room,
          uniq_ijyb, uniq_pikel, uniq_sigmund

Skill      XL: |  1  2  3  4  5 |
---------------+----------------+-----
Throwing       | 1 2 |  2.6
Axes           | 4 |  4.9
Evocations     | 1 2 |  2.2
Fighting       | 4 |  4.9
Armour         | 3 4 |  4.0
Dodging        | |  2.1

Action                   |  1- 3 |  4- 6 || total
-------------------------+-------+-------++-------
Melee: Hand axe          |    92 |    64 ||   156
       Headbutt          |    11 |    10 ||    21
       Punch             |       |     1 ||     1
Invok: Berserk           |     1 |     4 ||     5
       Trog's Hand       |       |     1 ||     1
Armor: Animal skin       |     8 |     7 ||    15
       Robe              |       |     5 ||     5
Dodge: Dodged            |    43 |    49 ||    92
